 Dungeon Crawl Stone Soup version 0.30-a0-723-gc1506a1cf0 (webtiles) character file.

Game seed: 6121341068804766859

0 xian the Magician (level 1, 0/14 HPs)
             Began as a Draconian Hedge Wizard on Jan 29, 2023.
             Slain by a jackal (2 damage)
             ... on level 1 of the Dungeon.
             The game lasted 00:00:34 (73 turns).

xian the Magician (Draconian Hedge Wizard)            Turns: 73, Time: 00:00:34

Health: 0/14       AC:  4    Str: 12    XL:     1   Next: 8%
Magic:  4/4        EV: 12    Int: 14    God:
Gold:   0          SH:  0    Dex: 10    Spells: 5/6 levels left

rFire   . . .      SeeInvis .    a - +0 dagger
rCold   . . .      Faith    .    (no shield)
rNeg    . . .      Spirit   .    (body armour unavailable)
rPois   .          Reflect  .    b - +0 hat
rElec   .          Harm     .    (no cloak)
rCorr   .          Rampage  .    (no gloves)
Will    .....                    (no boots)
Stlth   ++                       (no amulet)
HPRegen 0.22/turn                (no ring)
MPRegen 0.09/turn                (no ring)

@: no status effects
A: AC +4, unfitting armour, cold-blooded
a: no special abilities


You were on level 1 of the Dungeon.
You visited 1 branch of the dungeon, and saw 1 of its levels.

Inventory:

Hand Weapons
 a - a +0 dagger (weapon)
Armour
 b - a +0 hat (worn)
Potions
 c - a potion of magic
 d - a potion of curing {unknown}


   Skills:
 + Level 1.7 Dodging
 + Level 1.7 Stealth
 + Level 3.0 Spellcasting
 + Level 1.0 Conjurations
 + Level 1.0 Summonings
 + Level 1.0 Translocations


You had 5 spell levels left.
You knew the following spells:

 Your Spells              Type           Power      Damage    Failure   Level
a - Magic Dart            Conj           16%        1d3       14%         1

Your spell library contained the following spells:

 Spells                   Type           Power      Damage    Failure   Level
 Slow                     Hex            8%         N/A       22%         1
 Blink                    Tloc           8%         N/A       22%         2
 Call Imp                 Summ           4%         N/A       22%         2
 Cigotuvi's Dreadful Rot  Necr/Pois/Air  4%         N/A       32%         2
 Mephitic Cloud           Conj/Pois/Air  3%         N/A       50%         3


Dungeon Overview and Level Annotations

Branches:
Dungeon (1/15)

Altars:


Innate Abilities, Weirdness & Mutations

Your plain brown scales are hard. (AC +4)
You cannot fit into any form of body armour.
You are cold-blooded and may be slowed by cold attacks.


Message History

Press ? for a list of commands and other information.
Found a staircase leading out of the dungeon.
A ball python comes into view.
The ball python hisses angrily.
You see here a bubbling red potion.
d - a bubbling red potion The magic dart hits the ball python.
The ball python is severely wounded.
The magic dart hits the ball python.
You kill the ball python!
Magic restored.
A gnoll comes into view. It is wielding a +0 flail.
The gnoll shouts!
You hear a bark!
A jackal comes into view.
The magic dart hits the gnoll.
The gnoll is lightly wounded.
A jackal comes into view.
The jackal closely misses you. The jackal attacks as you move away!
The jackal closely misses you. The jackal bites you.
The jackal closely misses you.
You barely miss the jackal. The jackal misses you.
You barely miss the jackal.
Your tail-slap misses the jackal.
The jackal bites you but does no damage.
The gnoll hits you with a +0 flail. The gnoll closely misses you.
A jackal comes into view.
The jackal barely misses you. The jackal closely misses you.
The gnoll attacks as you move away! The gnoll hits you but does no damage.
The jackal closely misses you. The gnoll attacks as you move away!
The gnoll closely misses you. The jackal attacks as you move away!
The jackal bites you.
The jackal barks!
The jackal misses you. The gnoll attacks as you move away!
The gnoll hits you with a +0 flail!
Ouch! That really hurt!
* * * LOW HITPOINT WARNING * * *
The jackal closely misses you. The jackal bites you.
You die...

#.... ..#.###...
#...####.#.....
#.#.......... #
#.###.##.#.###..#
#...............#
###.#.###..####.#
#........#
######.#.hh..###.#
.#.......@hg........
#..........###.###.##
###.#.##......... #
#.#............
#.##.#..........
#...............
####...########.
#..#...# #
#.##...##.#


You could see a gnoll and 3 jackals.

Vanquished Creatures
  A ball python (D:1)
1 creature vanquished.

Notes
Turn   | Place    | Note
-------+----------+-------------------------------------------
     0 | D:1      | xian the Draconian Hedge Wizard began the quest for the
                  | Orb.
     0 | D:1      | Reached XP level 1. HP: 14/14 MP: 4/4
    73 | D:1      | Slain by a jackal

Illustrated notes

Levels and vault maps discovered:
D:1:      onia_arrival_mini_spirals, layout_basic

Action                     || total
---------------------------++-------
  Melee: Dagger            ||     2
   Cast: Magic Dart        ||     3
 Armour: Skin              ||     2
  Dodge: Dodged            ||    11

Table legend: (Time is in decaauts)
 A = Elapsed time spent in this place.
 B = Non-inter-level travel time spent in this place.
 C = Inter-level travel time spent in this place.
 D = Time resting spent in this place.
 E = Time spent auto-exploring this place.
 F = Levels seen in this place.
 G = Mean time per level.
                   A        B        C        D        E       F      G
               +--------+--------+--------+--------+--------+-----+--------+
         Total |     73 |     73 |      0 |      0 |     46 |   1 |   73.0 |
       Dungeon |     73 |     73 |      0 |      0 |     46 |   1 |   73.0 |
               +--------+--------+--------+--------+--------+-----+--------+

Top non-repeatable levels by time:
     D:1: 73 daAuts
